Wolfpack vs Eagles
(R1)
Created - November 6, 2022 at 10:26
Goals
|
| Wolfpack |
1 |
2 |
2 |
0 |
2 |
6 |
| Eagles |
0 |
3 |
2 |
0 |
0 |
5 |
|
Shots
|
| Wolfpack |
9 |
10 |
12 |
0 |
3 |
31 |
| Eagles |
1 |
10 |
17 |
1 |
2 |
29 |
|
1st period
1. Wolfpack , Samuel Blais 5 (Brett Ponich 2, Derrick Pouliot 3) at 19:14
Penalties :
Seth Griffith (Har) for Hooking (Minor) at 0:44, Tyler Motte (Col) for Roughing (Minor) at 10:06, Jonas Brodin (Har) for Holding (Minor) at 14:19
2nd period
2. Wolfpack , Alex Barre-Boulet 1 (Dryden Hunt 1, Connor Chatam 3) at 2:45
3. Eagles , Nick Cousins 3 (Ryan Murphy 5, Jarred Tinordi 3) at 5:26
4. Eagles , Jonathan Marchessault 2 (Nick Cousins 4, Jarred Tinordi 4) at 6:04 (PP)
5. Wolfpack , David Pope 5 (Seth Griffith 5, Sebastian Collberg 2) at 12:10 (PP)
6. Eagles , Matteson Iacopelli 1 (Connor Carrick 3, Drake Caggiula 3) at 19:51
Penalties :
Owen Tippet (Har) for Hooking (Minor) at 4:17, John Ramage (Col) for Kneeing (Minor) at 5:14, Brett Ponich (Har) for Hooking (Minor) at 5:48, Drake Caggiula (Col) for Interference (Minor) at 11:53, Jonathan Marchessault (Col) for Holding (Minor) at 17:22
3rd period
7. Wolfpack , Steven Santini 1 (Alexander Barabanov 1, Casey Mittelstadt 4) at 0:58
8. Eagles , Drake Caggiula 3 (Connor Carrick 4) at 1:04
9. Eagles , Ryan Murphy 1 (Nick Cousins 5, Jonathan Marchessault 3) at 19:07 (PP)
10. Wolfpack , Sebastian Collberg 3 (Brett Ponich 3, Derrick Pouliot 4) at 19:29
Penalties :
Owen Tippet (Har) for Roughing (Minor) at 1:35, Casey Mittelstadt (Har) for Hooking (Minor) at 7:50, Ryan Culkin (Har) for Hooking (Minor) at 10:39, Dryden Hunt (Har) for Hooking (Minor) at 17:52
Overtime #1
No Goal
Penalties :
No Penalty
Shootout
Wolfpack, David Pope - Goal!
Eagles, Nick Cousins - Stopped by Ivan Fedotov
Wolfpack, Seth Griffith - Stopped by Adin Hill
Eagles, Jonathan Marchessault - Stopped by Ivan Fedotov
Wolfpack, Samuel Blais - Goal!
Penalties :
No Penalty
Goalie Stats
Ivan Fedotov (Har), 24 saves from 29 shots - (0.828), W, 2-0-0, 64:56 minutes
Adin Hill (Col), 26 saves from 31 shots - (0.839), OTL, 1-1-1, 65:00 minutes
Players Stats for Wolfpack
Player Name G A P +/- PIM S H SB GA TA FO MP PP MP PK MP
------------------------------------------------------------------------------------
Alex Barre-Boulet 1 0 1 0 0 1 0 0 0 0 5/9 9:00 0:00 0:00
Alexander Barabanov 0 1 1 1 0 0 1 1 0 0 1/1 9:07 0:00 0:00
Alexander Volkov 0 0 0 1 0 3 1 0 0 0 0/0 7:49 0:00 0:00
Brett Ponich 0 2 2 0 2 2 4 1 0 1 0/0 30:31 2:22 7:19
Casey Mittelstadt 0 1 1 1 2 0 0 0 1 1 3/14 18:01 1:44 2:55
Colton White 0 0 0 1 0 0 0 0 0 0 0/0 12:05 0:00 0:15
Connor Chatam 0 1 1 1 0 2 1 0 1 0 0/2 15:35 1:44 3:07
David Pope 1 0 1 -1 0 3 0 2 0 1 2/3 25:25 2:31 7:39
Derrick Pouliot 0 2 2 0 0 2 5 3 1 1 0/0 32:40 2:22 7:30
Dryden Hunt 0 1 1 0 2 3 1 1 1 0 0/0 11:50 0:21 1:15
Jonas Brodin 0 0 0 0 2 3 1 1 0 0 0/0 20:17 1:53 4:11
Nolan Patrick 0 0 0 1 0 1 3 0 0 0 0/0 8:29 0:00 0:32
Owen Tippet 0 0 0 0 4 0 1 0 0 0 0/2 11:27 0:00 0:00
Ryan Culkin 0 0 0 1 2 0 0 0 0 0 0/0 12:44 0:00 1:03
Samuel Blais 1 0 1 1 0 4 4 0 1 1 0/0 18:49 1:44 3:33
Sebastian Collberg 1 1 2 0 0 2 2 0 1 1 3/4 14:38 2:31 0:00
Seth Griffith 0 1 1 -1 2 2 1 0 0 0 16/39 24:20 2:10 6:37
Steven Santini 1 0 1 0 0 3 3 3 0 0 0/0 22:09 1:53 5:36
Players Stats for Eagles
Player Name G A P +/- PIM S H SB GA TA FO MP PP MP PK MP
------------------------------------------------------------------------------------
Anthony Duclair 0 0 0 -3 0 1 3 0 2 0 2/2 26:14 7:09 1:49
Connor Carrick 0 2 2 2 0 2 1 2 1 0 0/0 22:27 5:05 1:56
Drake Caggiula 1 1 2 1 2 2 1 1 2 0 11/15 20:35 5:27 1:17
Jared McCann 0 0 0 0 0 0 1 0 0 1 1/3 13:09 0:00 0:14
Jarred Tinordi 0 2 2 -2 0 2 1 1 0 0 0/0 32:12 7:36 2:19
John Ramage 0 0 0 2 2 2 0 2 0 1 0/0 21:42 4:49 1:56
Jonathan Marchessault 1 1 2 -2 2 6 1 1 0 1 20/33 28:18 7:09 1:05
Jonathan Racine 0 0 0 -1 0 0 2 1 0 0 0/0 8:40 0:20 0:00
Keaton Middleton 0 0 0 0 0 0 0 0 0 0 0/0 2:34 0:00 0:00
Matteson Iacopelli 1 0 1 1 0 4 2 0 0 0 0/0 18:01 5:27 0:00
Max Lajoie 0 0 0 0 0 0 0 0 0 0 0/0 2:34 0:00 0:00
Michael Carcone 0 0 0 1 0 0 3 0 0 1 1/1 18:55 5:27 0:39
Nick Cousins 1 2 3 -2 0 7 5 0 0 0 6/9 29:00 7:09 2:09
Pius Suter 0 0 0 0 0 0 0 0 0 0 0/0 1:23 0:05 0:00
Ryan Murphy 1 1 2 -2 0 1 1 1 0 2 0/0 31:50 7:36 2:18
Sam Steel 0 0 0 0 0 0 0 0 0 0 0/0 1:29 0:05 0:00
Tyler Motte 0 0 0 0 2 0 0 0 0 0 0/0 12:11 0:00 0:00
Xavier Ouellet 0 0 0 -1 0 1 0 0 0 0 0/0 8:05 0:00 0:01
Zach Aston-Reese 0 0 0 0 0 1 2 1 1 0 3/11 14:23 0:00 1:17
3 Stars
1 - Nick Cousins (Col)
2 - Derrick Pouliot (Har)
3 - Samuel Blais (Har)
Power Play
Wolfpack - 1 on 4 Attempt(s) - 25.00%
Eagles - 2 on 8 Attempt(s) - 25.00%
Penalty Kill
Wolfpack - 6 on 8 Attempt(s) - 75.00%
- Score 0 goal in Penalty Kill
Eagles - 3 on 4 Attempt(s) - 75.00%
- Score 0 goal in Penalty Kill
Team Stat
Wolfpack - Hits : 28 - Faceoff Wins : 30 - Blocked Shots : 12 - Penalty Minutes : 16
Eagles - Hits : 23 - Faceoff Wins : 44 - Blocked Shots : 10 - Penalty Minutes : 8
Official
Referees : Steve Kozari and Furman South
Linesman : Ryan Gibbons and Travis Gawryletz
Game Notes
No Game Note
Finance
Level 1 -- Attendance: 2000 (100.00%) -- Ticket Income $70,000
Level 2 -- Attendance: 1000 (100.00%) -- Ticket Income $15,000
Total Attendance: 3000 (100.00%)
Total Ticket Income: $85,000
Other Income: $4,250
Total Income: $89,250
Wolfpack
5 vs 5 Forward
Center Left Wing Right Wing Time % Phy DF OF
1 Seth Griffith David Pope Sebastian Collberg 40 1 2 2
2 Casey Mittelstadt Samuel Blais Owen Tippet 30 1 2 2
3 Alex Barre-Boulet Dryden Hunt Connor Chatam 20 1 2 2
4 Nolan Patrick Alexander Barabanov Alexander Volkov 10 1 2 2
5 vs 5 Defense
Defense Defense Time % Phy DF OF
1 Brett Ponich Derrick Pouliot 40 1 2 2
2 Jonas Brodin Steven Santini 30 1 2 2
3 Ryan Culkin Colton White 20 1 2 2
4 Brett Ponich Derrick Pouliot 10 1 2 2
PowerPlay Forward
Center Left Wing Right Wing Time % Phy DF OF
1 Seth Griffith David Pope Sebastian Collberg 60 1 2 2
2 Casey Mittelstadt Samuel Blais Connor Chatam 40 1 2 2
PowerPlay Defense
Defense Defense Time % Phy DF OF
1 Brett Ponich Derrick Pouliot 60 1 2 2
2 Jonas Brodin Steven Santini 40 1 2 2
Penalty Kill 4 Players Forward
Center Wing Time % Phy DF OF
1 Seth Griffith David Pope 60 1 2 2
2 Casey Mittelstadt Samuel Blais 40 1 2 2
Penalty Kill 4 Players Defense
Defense Defense Time % Phy DF OF
1 Brett Ponich Derrick Pouliot 60 1 2 2
2 Jonas Brodin Steven Santini 40 1 2 2
Penalty Kill - 3 Players Forward
Forward Time % Phy DF OF
1 Seth Griffith 60 1 2 2
2 Casey Mittelstadt 40 1 2 2
Penalty Kill - 3 Players Defense
Defense Defense Time % Phy DF OF
1 Brett Ponich Derrick Pouliot 60 1 2 2
2 Jonas Brodin Steven Santini 40 1 2 2
4 vs 4 Forward
Center Wing Time % Phy DF OF
1 Seth Griffith David Pope 60 1 2 2
2 Casey Mittelstadt Samuel Blais 40 1 2 2
4 vs 4 Defense
Defense Defense Time % Phy DF OF
1 Brett Ponich Derrick Pouliot 60 1 2 2
2 Jonas Brodin Steven Santini 40 1 2 2
Last Minutes Offensive
Center Left Wing Right Wing Defense Defense
Seth Griffith David Pope Sebastian Collberg Brett Ponich Derrick Pouliot
Last Minutes Defensive
Center Left Wing Right Wing Defense Defense
Seth Griffith David Pope Sebastian Collberg Brett Ponich Derrick Pouliot
Goaltenders
Starting : Ivan Fedotov
Backup : Mike Condon
Extra Forwards
Normal : Connor Chatam, Dryden Hunt, Alexander Barabanov - PP : Connor Chatam, Dryden Hunt - PK : Connor Chatam
Extra Defensemen
Normal : Steven Santini, Ryan Culkin, Colton White - PP : Steven Santini - PK : Steven Santini, Ryan Culkin
Penalty Shots
David Pope, Seth Griffith, Samuel Blais, Sebastian Collberg, Connor Chatam
Scratches
Ryan Poehling (Healthy), Mason Shaw (Healthy), Jacob Middleton (Healthy), Jake Marchment (Healthy), Joel Kiviranta (Healthy)
Dylan Samberg (Healthy), Joshua Jacobs (Healthy), Cale Fleury (Healthy), Mikhail Vorobyev (Healthy), Will Borgen (Healthy)
Andrew Peeke (Healthy), Dante Fabbro (Healthy), Jeffrey Viel (Healthy), Yegor Korshkov (Healthy), Linus Sandin (Healthy)
Harru Sateri (Healthy), Jake Paterson (Healthy)
Eagles
5 vs 5 Forward
Center Left Wing Right Wing Time % Phy DF OF
1 Jonathan Marchessault Anthony Duclair Nick Cousins 40 1 2 2
2 Drake Caggiula Michael Carcone Matteson Iacopelli 30 1 2 2
3 Zach Aston-Reese Jared McCann Tyler Motte 20 1 2 2
4 Jared McCann Nick Cousins Jonathan Marchessault 10 1 2 2
5 vs 5 Defense
Defense Defense Time % Phy DF OF
1 Jarred Tinordi Ryan Murphy 40 1 2 2
2 Connor Carrick John Ramage 30 1 2 2
3 Jonathan Racine Xavier Ouellet 20 1 2 2
4 Keaton Middleton Max Lajoie 10 1 2 2
PowerPlay Forward
Center Left Wing Right Wing Time % Phy DF OF
1 Jonathan Marchessault Anthony Duclair Nick Cousins 60 1 2 2
2 Drake Caggiula Michael Carcone Matteson Iacopelli 40 1 2 2
PowerPlay Defense
Defense Defense Time % Phy DF OF
1 Jarred Tinordi Ryan Murphy 60 1 2 2
2 Connor Carrick John Ramage 40 1 2 2
Penalty Kill 4 Players Forward
Center Wing Time % Phy DF OF
1 Nick Cousins Jonathan Marchessault 60 1 2 2
2 Drake Caggiula Anthony Duclair 40 1 2 2
Penalty Kill 4 Players Defense
Defense Defense Time % Phy DF OF
1 Jarred Tinordi Ryan Murphy 60 1 2 2
2 Connor Carrick John Ramage 40 1 2 2
Penalty Kill - 3 Players Forward
Forward Time % Phy DF OF
1 Nick Cousins 60 1 2 2
2 Jonathan Marchessault 40 1 2 2
Penalty Kill - 3 Players Defense
Defense Defense Time % Phy DF OF
1 Jarred Tinordi Ryan Murphy 60 1 2 2
2 Connor Carrick John Ramage 40 1 2 2
4 vs 4 Forward
Center Wing Time % Phy DF OF
1 Nick Cousins Jonathan Marchessault 60 1 2 2
2 Drake Caggiula Anthony Duclair 40 1 2 2
4 vs 4 Defense
Defense Defense Time % Phy DF OF
1 Jarred Tinordi Ryan Murphy 60 1 2 2
2 Connor Carrick John Ramage 40 1 2 2
Last Minutes Offensive
Center Left Wing Right Wing Defense Defense
Jonathan Marchessault Anthony Duclair Nick Cousins Jarred Tinordi Ryan Murphy
Last Minutes Defensive
Center Left Wing Right Wing Defense Defense
Jonathan Marchessault Anthony Duclair Nick Cousins Jarred Tinordi Ryan Murphy
Goaltenders
Starting : Adin Hill
Backup : Antoine Bibeau
Extra Forwards
Normal : Sam Steel, Pius Suter, Zach Aston-Reese - PP : Sam Steel, Pius Suter - PK : Zach Aston-Reese
Extra Defensemen
Normal : Jonathan Racine, Xavier Ouellet, Keaton Middleton - PP : Jonathan Racine - PK : Xavier Ouellet, Keaton Middleton
Penalty Shots
Nick Cousins, Jonathan Marchessault, Drake Caggiula, Anthony Duclair, Zach Aston-Reese
Scratches
Chris Calhan (Healthy), Dominik Kubalik (Healthy), Joseph Blandisi (Strained Groin Injury), Mark Friedman (Healthy), Michael Dal Colle (Healthy)
Gabriel Vilardi (Healthy), Pascal Laberge (Healthy), Marian Studenic (Healthy), Walker Duehr (Healthy)
% Time on Ice - Wolfpack
Lines # - Real PCT - Wanted PCT - Time Play
Normal Forward
1 - 30% - 40% - 12:06
2 - 29% - 30% - 11:48
3 - 22% - 20% - 9:00
4 - 19% - 10% - 7:49
Normal Defense
1 - 43% - 40% - 17:28
2 - 33% - 30% - 13:33
3 - 24% - 20% - 9:40
4 - 0% - 10% - 0:02
PP Forward
1 - 59% - 60% - 2:31
2 - 41% - 40% - 1:44
PP Defense
1 - 56% - 60% - 2:22
2 - 44% - 40% - 1:53
PK Forward
1 - 70% - 60% - 8:55
2 - 30% - 40% - 3:46
PK Defense
1 - 57% - 60% - 7:13
2 - 43% - 40% - 5:28
PK3 Forward
1 - 100% - 60% - 0:16
2 - 0% - 40% - 0:00
PK3 Defense
1 - 100% - 60% - 0:16
2 - 0% - 40% - 0:00
44 Forward
1 - 76% - 60% - 5:08
2 - 24% - 40% - 1:35
44 Defense
1 - 78% - 60% - 5:14
2 - 22% - 40% - 1:29
Last Minute Offensive - 0:22
Last Minute Defensive - 0:00
Total
Forward - 65:00
Defense - 65:00
|
% Time on Ice - Eagles
Lines # - Real PCT - Wanted PCT - Time Play
Normal Forward
1 - 37% - 40% - 15:14
2 - 31% - 30% - 12:34
3 - 29% - 20% - 11:55
4 - 2% - 10% - 1:00
Normal Defense
1 - 45% - 40% - 18:21
2 - 31% - 30% - 12:48
3 - 17% - 20% - 7:00
4 - 6% - 10% - 2:34
PP Forward
1 - 57% - 60% - 7:14
2 - 43% - 40% - 5:27
PP Defense
1 - 60% - 60% - 7:36
2 - 40% - 40% - 5:05
PK Forward
1 - 93% - 60% - 3:57
2 - 7% - 40% - 0:18
PK Defense
1 - 55% - 60% - 2:19
2 - 45% - 40% - 1:56
PK3 Forward
1 - 0% - 60%
2 - 0% - 40%
PK3 Defense
1 - 0% - 60%
2 - 0% - 40%
44 Forward
1 - 80% - 60% - 5:37
2 - 20% - 40% - 1:22
44 Defense
1 - 59% - 60% - 4:08
2 - 41% - 40% - 2:51
Last Minute Offensive - 0:00
Last Minute Defensive - 0:22
Total
Forward - 65:00
Defense - 65:00
|
Play-by-Play
1st period
0:01 of 1st period - Seth Griffith wins face-off versus Jonathan Marchessault in neutral zone.
0:44 of 1st period - Minor Penalty to Seth Griffith for Hooking.
0:45 of 1st period - Jonathan Marchessault wins face-off versus Connor Chatam in Wolfpack zone.
1:06 of 1st period - Wrist shot by Samuel Blais.
1:06 of 1st period - Shot Misses the Net.
1:14 of 1st period - Steven Santini is hit by Ryan Murphy and loses puck.
1:26 of 1st period - Icing by Anthony Duclair.
1:27 of 1st period - Jonathan Marchessault wins face-off versus Connor Chatam in Eagles zone.
2:05 of 1st period - Snap shot by Samuel Blais.
2:05 of 1st period - Shot Misses the Net.
2:07 of 1st period - Slapshot by Derrick Pouliot.
2:07 of 1st period - Deflect By Anthony Duclair.
2:07 of 1st period - Stopped by Adin Hill with a rebound.
2:41 of 1st period - Ryan Murphy is hit by Samuel Blais.
2:44 of 1st period - Penalty to Seth Griffith is over, Seth Griffith is back on ice.
3:26 of 1st period - Icing by Drake Caggiula.
3:27 of 1st period - Drake Caggiula wins face-off versus Alex Barre-Boulet in Eagles zone.
3:39 of 1st period - Off-side.
3:40 of 1st period - Zach Aston-Reese wins face-off versus Casey Mittelstadt in neutral zone.
4:16 of 1st period - Slapshot by Seth Griffith.
4:16 of 1st period - Stopped by Adin Hill with a rebound.
4:30 of 1st period - Derrick Pouliot is hit by Jarred Tinordi and loses puck.
5:15 of 1st period - Matteson Iacopelli is hit by Samuel Blais and loses puck.
6:12 of 1st period - Snap shot by Samuel Blais.
6:12 of 1st period - Shot Misses the Net.
6:30 of 1st period - Backhand shot by Alexander Volkov.
6:30 of 1st period - Stopped by Adin Hill with a rebound.
6:32 of 1st period - Slapshot by Ryan Culkin.
6:32 of 1st period - Shot Blocked by Drake Caggiula.
6:48 of 1st period - Jared McCann is hit by Samuel Blais and loses puck.
7:43 of 1st period - Tyler Motte is hit by Brett Ponich and loses puck.
7:48 of 1st period - Wrist shot by Dryden Hunt.
7:48 of 1st period - Shot Misses the Net.
7:50 of 1st period - Slapshot by Derrick Pouliot.
7:50 of 1st period - Stopped by Adin Hill without a rebound.
7:51 of 1st period - Seth Griffith wins face-off versus Jonathan Marchessault in Eagles zone.
8:12 of 1st period - Wrist shot by Samuel Blais.
8:12 of 1st period - Shot Misses the Net.
8:14 of 1st period - Snap shot by Steven Santini.
8:14 of 1st period - Shot Blocked by Jarred Tinordi.
9:06 of 1st period - Backhand shot by Anthony Duclair.
9:06 of 1st period - Shot Misses the Net.
9:34 of 1st period - Off-side.
9:35 of 1st period - Drake Caggiula wins face-off versus Casey Mittelstadt in neutral zone.
9:56 of 1st period - Off-side.
9:57 of 1st period - David Pope wins face-off versus Zach Aston-Reese in neutral zone.
9:57 of 1st period - David Pope is hit by Jonathan Racine.
10:06 of 1st period - Minor Penalty to Tyler Motte for Roughing.
10:07 of 1st period - Seth Griffith wins face-off versus Nick Cousins in Eagles zone.
11:04 of 1st period - Jarred Tinordi is hit by Sebastian Collberg and loses puck.
11:15 of 1st period - Ryan Murphy is hit by Jonas Brodin and loses puck.
12:06 of 1st period - Penalty to Tyler Motte is over, Tyler Motte is back on ice.
12:10 of 1st period - Jonathan Marchessault is hit by Nolan Patrick and loses puck.
12:22 of 1st period - Off-side.
12:23 of 1st period - Alexander Barabanov wins face-off versus Drake Caggiula in neutral zone.
12:28 of 1st period - Snap shot by Nolan Patrick.
12:28 of 1st period - Stopped by Adin Hill with a rebound.
12:30 of 1st period - Slapshot by Colton White.
12:30 of 1st period - Shot Blocked by Jonathan Racine.
12:32 of 1st period - Slapshot by Ryan Culkin.
12:32 of 1st period - Shot Hit the Post.
12:34 of 1st period - Slapshot by Colton White.
12:34 of 1st period - Shot Misses the Net.
12:36 of 1st period - Snap shot by Ryan Culkin.
12:36 of 1st period - Deflect By Alexander Barabanov.
12:36 of 1st period - Shot Misses the Net.
12:36 of 1st period - Puck is out of play.
12:37 of 1st period - Michael Carcone wins face-off versus David Pope in Eagles zone.
12:59 of 1st period - Icing by Matteson Iacopelli.
13:00 of 1st period - Drake Caggiula wins face-off versus Casey Mittelstadt in Eagles zone.
13:00 of 1st period - Drake Caggiula is hit by Brett Ponich.
13:06 of 1st period - Brett Ponich is hit by Nick Cousins and loses puck.
13:11 of 1st period - Snap shot by Nick Cousins.
13:11 of 1st period - Shot Misses the Net.
13:13 of 1st period - Snap shot by Nick Cousins.
13:13 of 1st period - Stopped by Ivan Fedotov with a rebound.
13:55 of 1st period - Slapshot by Brett Ponich.
13:55 of 1st period - Deflect By Dryden Hunt.
13:55 of 1st period - Stopped by Adin Hill with a rebound.
14:06 of 1st period - Anthony Duclair is hit by Alexander Barabanov and loses puck.
14:19 of 1st period - Minor Penalty to Jonas Brodin for Holding.
14:20 of 1st period - Seth Griffith wins face-off versus Jonathan Marchessault in Wolfpack zone.
14:29 of 1st period - Wrist shot by Jonathan Marchessault.
14:29 of 1st period - Shot Blocked by Steven Santini.
16:19 of 1st period - Penalty to Jonas Brodin is over, Jonas Brodin is back on ice.
16:52 of 1st period - Icing by Connor Chatam.
16:53 of 1st period - Alex Barre-Boulet wins face-off versus Zach Aston-Reese in Wolfpack zone.
17:29 of 1st period - Slapshot by Jonas Brodin.
17:29 of 1st period - Stopped by Adin Hill with a rebound.
17:31 of 1st period - Slapshot by Steven Santini.
17:31 of 1st period - Deflect By Samuel Blais.
17:31 of 1st period - Shot Blocked by John Ramage.
17:31 of 1st period - Puck is out of play.
17:32 of 1st period - Zach Aston-Reese wins face-off versus Casey Mittelstadt in Eagles zone.
18:20 of 1st period - Nick Cousins is hit by Dryden Hunt and loses puck.
18:58 of 1st period - Off-side.
18:59 of 1st period - Casey Mittelstadt wins face-off versus Drake Caggiula in neutral zone.
19:04 of 1st period - Snap shot by Samuel Blais.
19:04 of 1st period - Stopped by Adin Hill with a rebound.
19:12 of 1st period - Slapshot by Samuel Blais.
19:12 of 1st period - Shot Misses the Net.
19:14 of 1st period - Snap shot by Samuel Blais.
19:14 of 1st period - Goal by Samuel Blais - Wolfpack : 1 - Eagles : 0.
19:15 of 1st period - Jonathan Marchessault wins face-off versus Seth Griffith in neutral zone.
19:28 of 1st period - Slapshot by Seth Griffith.
19:28 of 1st period - Shot Misses the Net.
19:42 of 1st period - Samuel Blais is hit by Michael Carcone and loses puck.
19:58 of 1st period - Icing by Zach Aston-Reese.
19:59 of 1st period - Sebastian Collberg wins face-off versus Zach Aston-Reese in Eagles zone.
Goals for this period are 1 for Wolfpack vs 0 for Eagles.
Shots for this period are 9 for Wolfpack vs 1 for Eagles.
2nd period
0:01 of 2nd period - Jonathan Marchessault wins face-off versus Seth Griffith in neutral zone.
0:12 of 2nd period - Wrist shot by Jonathan Marchessault.
0:12 of 2nd period - Stopped by Ivan Fedotov with a rebound.
0:48 of 2nd period - Steven Santini is hit by Zach Aston-Reese and loses puck.
1:05 of 2nd period - Wrist shot by Jared McCann.
1:05 of 2nd period - Shot Misses the Net.
1:07 of 2nd period - Wrist shot by Anthony Duclair.
1:07 of 2nd period - Shot Misses the Net.
1:29 of 2nd period - Snap shot by Matteson Iacopelli.
1:29 of 2nd period - Stopped by Ivan Fedotov with a rebound.
1:41 of 2nd period - Wrist shot by Samuel Blais.
1:41 of 2nd period - Shot Misses the Net.
1:57 of 2nd period - Slapshot by Nick Cousins.
1:57 of 2nd period - Shot Blocked by Dryden Hunt.
2:43 of 2nd period - Slapshot by Dryden Hunt.
2:43 of 2nd period - Shot Blocked by Jonathan Marchessault.
2:45 of 2nd period - Wrist shot by Alex Barre-Boulet.
2:45 of 2nd period - Goal by Alex Barre-Boulet - Wolfpack : 2 - Eagles : 0.
2:46 of 2nd period - Anthony Duclair wins face-off versus Seth Griffith in neutral zone.
3:08 of 2nd period - Icing by David Pope.
3:09 of 2nd period - Seth Griffith wins face-off versus Drake Caggiula in Wolfpack zone.
3:20 of 2nd period - David Pope is hit by Michael Carcone and loses puck.
3:37 of 2nd period - Snap shot by Nick Cousins.
3:37 of 2nd period - Shot Misses the Net.
3:39 of 2nd period - Slapshot by John Ramage.
3:39 of 2nd period - Shot Misses the Net.
3:41 of 2nd period - Wrist shot by John Ramage.
3:41 of 2nd period - Deflect By Samuel Blais.
3:41 of 2nd period - Stopped by Ivan Fedotov without a rebound.
3:42 of 2nd period - Jonathan Marchessault wins face-off versus Owen Tippet in Wolfpack zone.
3:51 of 2nd period - Wrist shot by Nick Cousins.
3:51 of 2nd period - Stopped by Ivan Fedotov with a rebound.
4:07 of 2nd period - Steven Santini is hit by Jared McCann and loses puck.
4:17 of 2nd period - Minor Penalty to Owen Tippet for Hooking.
4:18 of 2nd period - Seth Griffith wins face-off versus Jonathan Marchessault in Wolfpack zone.
5:12 of 2nd period - Backhand shot by Jonas Brodin.
5:12 of 2nd period - Stopped by Adin Hill with a rebound.
5:14 of 2nd period - Minor Penalty to John Ramage for Kneeing.
5:15 of 2nd period - Nick Cousins wins face-off versus Seth Griffith in Eagles zone.
5:24 of 2nd period - Wrist shot by Nick Cousins.
5:24 of 2nd period - Shot Blocked by David Pope.
5:26 of 2nd period - Slapshot by Nick Cousins.
5:26 of 2nd period - Goal by Nick Cousins - Wolfpack : 2 - Eagles : 1.
5:27 of 2nd period - Nick Cousins wins face-off versus Seth Griffith in neutral zone.
5:48 of 2nd period - Minor Penalty to Brett Ponich for Hooking.
5:49 of 2nd period - Seth Griffith wins face-off versus Nick Cousins in Wolfpack zone.
6:02 of 2nd period - Snap shot by Jonathan Marchessault.
6:02 of 2nd period - Stopped by Ivan Fedotov with a rebound.
6:04 of 2nd period - Snap shot by Jonathan Marchessault.
6:04 of 2nd period - Goal by Jonathan Marchessault - Wolfpack : 2 - Eagles : 2.
6:05 of 2nd period - Seth Griffith wins face-off versus Nick Cousins in neutral zone.
6:10 of 2nd period - Ryan Murphy is hit by Seth Griffith and loses puck.
6:17 of 2nd period - Slapshot by Seth Griffith.
6:17 of 2nd period - Shot Misses the Net.
6:19 of 2nd period - Slapshot by Seth Griffith.
6:19 of 2nd period - Shot Blocked by Ryan Murphy.
6:21 of 2nd period - Wrist shot by Seth Griffith.
6:21 of 2nd period - Stopped by Adin Hill with a rebound.
7:14 of 2nd period - Penalty to John Ramage is over, John Ramage is back on ice.
7:22 of 2nd period - Slapshot by Connor Carrick.
7:22 of 2nd period - Shot Misses the Net.
7:48 of 2nd period - Penalty to Brett Ponich is over, Brett Ponich is back on ice.
8:17 of 2nd period - Max Lajoie is hit by Samuel Blais.
8:21 of 2nd period - Slapshot by Zach Aston-Reese.
8:21 of 2nd period - Stopped by Ivan Fedotov with a rebound.
9:00 of 2nd period - Derrick Pouliot is hit by Drake Caggiula and loses puck.
9:48 of 2nd period - Wrist shot by Connor Chatam.
9:48 of 2nd period - Shot Misses the Net.
10:49 of 2nd period - Wrist shot by Samuel Blais.
10:49 of 2nd period - Stopped by Adin Hill with a rebound.
11:03 of 2nd period - Slapshot by Jonas Brodin.
11:03 of 2nd period - Stopped by Adin Hill with a rebound.
11:05 of 2nd period - Slapshot by Sebastian Collberg.
11:05 of 2nd period - Stopped by Adin Hill without a rebound.
11:06 of 2nd period - Sebastian Collberg wins face-off versus Zach Aston-Reese in Eagles zone.
11:53 of 2nd period - Minor Penalty to Drake Caggiula for Interference.
11:54 of 2nd period - Nick Cousins wins face-off versus Seth Griffith in Eagles zone.
12:10 of 2nd period - Slapshot by David Pope.
12:10 of 2nd period - Goal by David Pope - Wolfpack : 3 - Eagles : 2.
12:11 of 2nd period - Seth Griffith wins face-off versus Jonathan Marchessault in neutral zone.
12:36 of 2nd period - Ryan Murphy is hit by Derrick Pouliot and loses puck.
13:15 of 2nd period - Ryan Culkin is hit by Nick Cousins.
14:52 of 2nd period - Slapshot by Ryan Culkin.
14:52 of 2nd period - Shot Blocked by Zach Aston-Reese.
14:54 of 2nd period - Snap shot by Dryden Hunt.
14:54 of 2nd period - Stopped by Adin Hill without a rebound.
14:55 of 2nd period - Alex Barre-Boulet wins face-off versus Zach Aston-Reese in Eagles zone.
15:16 of 2nd period - Snap shot by Nick Cousins.
15:16 of 2nd period - Shot Blocked by Derrick Pouliot.
15:22 of 2nd period - Nick Cousins is hit by Brett Ponich and loses puck.
15:29 of 2nd period - Slapshot by Dryden Hunt.
15:29 of 2nd period - Shot Misses the Net.
15:31 of 2nd period - Wrist shot by Connor Chatam.
15:31 of 2nd period - Shot Blocked by John Ramage.
15:33 of 2nd period - Wrist shot by Alex Barre-Boulet.
15:33 of 2nd period - Shot Misses the Net.
15:37 of 2nd period - Wrist shot by Connor Chatam.
15:37 of 2nd period - Stopped by Adin Hill with a rebound.
15:49 of 2nd period - Wrist shot by Dryden Hunt.
15:49 of 2nd period - Stopped by Adin Hill without a rebound.
15:50 of 2nd period - Seth Griffith wins face-off versus Drake Caggiula in Eagles zone.
16:22 of 2nd period - Icing by Jarred Tinordi.
16:23 of 2nd period - Seth Griffith wins face-off versus Zach Aston-Reese in Eagles zone.
16:48 of 2nd period - Tyler Motte is hit by Nolan Patrick and loses puck.
17:10 of 2nd period - Off-side.
17:11 of 2nd period - Jonathan Marchessault wins face-off versus Casey Mittelstadt in neutral zone.
17:19 of 2nd period - Slapshot by Steven Santini.
17:19 of 2nd period - Deflect By Samuel Blais.
17:19 of 2nd period - Shot Misses the Net.
17:19 of 2nd period - Puck is out of play.
17:20 of 2nd period - Jonathan Marchessault wins face-off versus Seth Griffith in Eagles zone.
17:22 of 2nd period - Minor Penalty to Jonathan Marchessault for Holding.
17:23 of 2nd period - Nick Cousins wins face-off versus Seth Griffith in Eagles zone.
19:22 of 2nd period - Penalty to Jonathan Marchessault is over, Jonathan Marchessault is back on ice.
19:47 of 2nd period - Icing by Jonas Brodin.
19:48 of 2nd period - Drake Caggiula wins face-off versus Alex Barre-Boulet in Wolfpack zone.
19:51 of 2nd period - Snap shot by Matteson Iacopelli.
19:51 of 2nd period - Goal by Matteson Iacopelli - Wolfpack : 3 - Eagles : 3.
19:52 of 2nd period - Jonathan Marchessault wins face-off versus Seth Griffith in neutral zone.
19:55 of 2nd period - Wrist shot by Jonathan Marchessault.
19:55 of 2nd period - Stopped by Ivan Fedotov with a rebound.
Goals for this period are 2 for Wolfpack vs 3 for Eagles.
Shots for this period are 10 for Wolfpack vs 10 for Eagles.
3rd period
0:01 of 3rd period - Sebastian Collberg wins face-off versus Jonathan Marchessault in neutral zone.
0:03 of 3rd period - Off-side.
0:04 of 3rd period - David Pope wins face-off versus Jonathan Marchessault in neutral zone.
0:29 of 3rd period - Nick Cousins is hit by Brett Ponich and loses puck.
0:52 of 3rd period - Snap shot by Steven Santini.
0:52 of 3rd period - Stopped by Adin Hill with a rebound.
0:54 of 3rd period - Slapshot by Steven Santini.
0:54 of 3rd period - Shot Misses the Net.
0:56 of 3rd period - Slapshot by Alexander Barabanov.
0:56 of 3rd period - Shot Misses the Net.
0:58 of 3rd period - Slapshot by Steven Santini.
0:58 of 3rd period - Goal by Steven Santini - Wolfpack : 4 - Eagles : 3.
0:59 of 3rd period - Drake Caggiula wins face-off versus Seth Griffith in neutral zone.
1:04 of 3rd period - Wrist shot by Drake Caggiula.
1:04 of 3rd period - Goal by Drake Caggiula - Wolfpack : 4 - Eagles : 4.
1:05 of 3rd period - Jonathan Marchessault wins face-off versus Seth Griffith in neutral zone.
1:08 of 3rd period - Snap shot by Nick Cousins.
1:08 of 3rd period - Stopped by Ivan Fedotov with a rebound.
1:18 of 3rd period - Slapshot by David Pope.
1:18 of 3rd period - Stopped by Adin Hill with a rebound.
1:20 of 3rd period - Snap shot by David Pope.
1:20 of 3rd period - Shot Misses the Net.
1:35 of 3rd period - Minor Penalty to Owen Tippet for Roughing.
1:36 of 3rd period - Jonathan Marchessault wins face-off versus Seth Griffith in Wolfpack zone.
1:40 of 3rd period - Backhand shot by Nick Cousins.
1:40 of 3rd period - Shot Misses the Net.
2:12 of 3rd period - Snap shot by John Ramage.
2:12 of 3rd period - Stopped by Ivan Fedotov with a rebound.
2:49 of 3rd period - Connor Chatam is hit by Nick Cousins and loses puck.
3:35 of 3rd period - Penalty to Owen Tippet is over, Owen Tippet is back on ice.
3:44 of 3rd period - Jonathan Racine is hit by Alexander Volkov and loses puck.
4:03 of 3rd period - Slapshot by Steven Santini.
4:03 of 3rd period - Stopped by Adin Hill with a rebound.
4:41 of 3rd period - Colton White is hit by Matteson Iacopelli and loses puck.
4:58 of 3rd period - Ryan Culkin is hit by Zach Aston-Reese and loses puck.
5:18 of 3rd period - Jonathan Marchessault is hit by Nolan Patrick and loses puck.
5:29 of 3rd period - Wrist shot by Alexander Volkov.
5:29 of 3rd period - Stopped by Adin Hill with a rebound.
5:41 of 3rd period - Slapshot by Alexander Volkov.
5:41 of 3rd period - Stopped by Adin Hill without a rebound.
5:42 of 3rd period - Drake Caggiula wins face-off versus Seth Griffith in Eagles zone.
6:04 of 3rd period - Icing by Jared McCann.
6:05 of 3rd period - Casey Mittelstadt wins face-off versus Zach Aston-Reese in Eagles zone.
6:08 of 3rd period - Slapshot by Brett Ponich.
6:08 of 3rd period - Stopped by Adin Hill without a rebound.
6:09 of 3rd period - Drake Caggiula wins face-off versus Casey Mittelstadt in Eagles zone.
6:13 of 3rd period - Off-side.
6:14 of 3rd period - Drake Caggiula wins face-off versus Casey Mittelstadt in neutral zone.
6:24 of 3rd period - Wrist shot by Drake Caggiula.
6:24 of 3rd period - Shot Blocked by Derrick Pouliot.
6:26 of 3rd period - Slapshot by Matteson Iacopelli.
6:26 of 3rd period - Stopped by Ivan Fedotov with a rebound.
6:28 of 3rd period - Snap shot by Drake Caggiula.
6:28 of 3rd period - Shot Misses the Net.
6:30 of 3rd period - Slapshot by Jarred Tinordi.
6:30 of 3rd period - Stopped by Ivan Fedotov without a rebound.
6:31 of 3rd period - Jonathan Marchessault wins face-off versus Seth Griffith in Wolfpack zone.
6:36 of 3rd period - Snap shot by Nick Cousins.
6:36 of 3rd period - Shot Misses the Net.
6:58 of 3rd period - Icing by Drake Caggiula.
6:59 of 3rd period - Drake Caggiula wins face-off versus Casey Mittelstadt in Eagles zone.
7:07 of 3rd period - Icing by Jonas Brodin.
7:08 of 3rd period - Jonathan Marchessault wins face-off versus Casey Mittelstadt in Wolfpack zone.
7:09 of 3rd period - Wrist shot by Nick Cousins.
7:09 of 3rd period - Deflect By Jonas Brodin.
7:09 of 3rd period - Stopped by Ivan Fedotov with a rebound.
7:15 of 3rd period - Backhand shot by Nick Cousins.
7:15 of 3rd period - Stopped by Ivan Fedotov without a rebound.
7:16 of 3rd period - Seth Griffith wins face-off versus Jonathan Marchessault in Wolfpack zone.
7:21 of 3rd period - Anthony Duclair is hit by Derrick Pouliot.
7:50 of 3rd period - Minor Penalty to Casey Mittelstadt for Hooking.
7:51 of 3rd period - Jonathan Marchessault wins face-off versus Seth Griffith in Wolfpack zone.
7:55 of 3rd period - Wrist shot by Jonathan Marchessault.
7:55 of 3rd period - Stopped by Ivan Fedotov with a rebound.
7:57 of 3rd period - Snap shot by Jarred Tinordi.
7:57 of 3rd period - Stopped by Ivan Fedotov without a rebound.
7:58 of 3rd period - Seth Griffith wins face-off versus Jonathan Marchessault in Wolfpack zone.
8:33 of 3rd period - Drake Caggiula is hit by Derrick Pouliot and loses puck.
8:42 of 3rd period - David Pope is hit by Michael Carcone and loses puck.
9:19 of 3rd period - Jonas Brodin is hit by Connor Carrick and loses puck.
9:50 of 3rd period - Penalty to Casey Mittelstadt is over, Casey Mittelstadt is back on ice.
10:07 of 3rd period - Wrist shot by Xavier Ouellet.
10:07 of 3rd period - Stopped by Ivan Fedotov without a rebound.
10:08 of 3rd period - Zach Aston-Reese wins face-off versus Casey Mittelstadt in Wolfpack zone.
10:27 of 3rd period - Tyler Motte is hit by Steven Santini and loses puck.
10:39 of 3rd period - Minor Penalty to Ryan Culkin for Hooking.
10:40 of 3rd period - Seth Griffith wins face-off versus Jonathan Marchessault in Wolfpack zone.
10:48 of 3rd period - Slapshot by David Pope.
10:48 of 3rd period - Stopped by Adin Hill with a rebound.
11:16 of 3rd period - Slapshot by Connor Carrick.
11:16 of 3rd period - Shot Blocked by Derrick Pouliot.
11:18 of 3rd period - Wrist shot by Connor Carrick.
11:18 of 3rd period - Shot Misses the Net.
12:08 of 3rd period - Icing by Jarred Tinordi.
12:09 of 3rd period - Anthony Duclair wins face-off versus Casey Mittelstadt in Eagles zone.
12:39 of 3rd period - Penalty to Ryan Culkin is over, Ryan Culkin is back on ice.
12:55 of 3rd period - Off-side.
12:56 of 3rd period - Casey Mittelstadt wins face-off versus Zach Aston-Reese in neutral zone.
12:59 of 3rd period - Snap shot by Samuel Blais.
12:59 of 3rd period - Stopped by Adin Hill without a rebound.
13:00 of 3rd period - Jonathan Marchessault wins face-off versus Owen Tippet in Eagles zone.
13:00 of 3rd period - Jonathan Marchessault is hit by Owen Tippet.
13:12 of 3rd period - Slapshot by Anthony Duclair.
13:12 of 3rd period - Shot Blocked by Steven Santini.
13:16 of 3rd period - Snap shot by Jonathan Marchessault.
13:16 of 3rd period - Shot Misses the Net.
13:31 of 3rd period - Snap shot by Zach Aston-Reese.
13:31 of 3rd period - Shot Misses the Net.
13:37 of 3rd period - Slapshot by Zach Aston-Reese.
13:37 of 3rd period - Shot Misses the Net.
13:39 of 3rd period - Slapshot by Jarred Tinordi.
13:39 of 3rd period - Deflect By Zach Aston-Reese.
13:39 of 3rd period - Shot Blocked by Brett Ponich.
13:39 of 3rd period - Puck is out of play.
13:40 of 3rd period - Seth Griffith wins face-off versus Jonathan Marchessault in Wolfpack zone.
14:09 of 3rd period - Snap shot by Steven Santini.
14:09 of 3rd period - Shot Misses the Net.
14:13 of 3rd period - Slapshot by Connor Chatam.
14:13 of 3rd period - Stopped by Adin Hill without a rebound.
14:14 of 3rd period - Nick Cousins wins face-off versus Seth Griffith in Eagles zone.
14:14 of 3rd period - Nick Cousins is hit by Sebastian Collberg.
14:23 of 3rd period - Jarred Tinordi is hit by Derrick Pouliot and loses puck.
14:46 of 3rd period - Off-side.
14:47 of 3rd period - Drake Caggiula wins face-off versus Seth Griffith in neutral zone.
14:50 of 3rd period - Slapshot by Connor Carrick.
14:50 of 3rd period - Shot Blocked by Jonas Brodin.
14:52 of 3rd period - Slapshot by John Ramage.
14:52 of 3rd period - Shot Blocked by Steven Santini.
14:54 of 3rd period - Slapshot by Connor Carrick.
14:54 of 3rd period - Stopped by Ivan Fedotov without a rebound.
14:55 of 3rd period - Drake Caggiula wins face-off versus Seth Griffith in Wolfpack zone.
15:00 of 3rd period - Snap shot by Matteson Iacopelli.
15:00 of 3rd period - Stopped by Ivan Fedotov without a rebound.
15:01 of 3rd period - Alex Barre-Boulet wins face-off versus Jared McCann in Wolfpack zone.
15:12 of 3rd period - Slapshot by Brett Ponich.
15:12 of 3rd period - Deflect By Connor Chatam.
15:12 of 3rd period - Shot Misses the Net.
15:12 of 3rd period - Puck is out of play.
15:13 of 3rd period - Jared McCann wins face-off versus Alex Barre-Boulet in Eagles zone.
15:13 of 3rd period - Jared McCann is hit by Derrick Pouliot.
15:57 of 3rd period - Steven Santini is hit by Anthony Duclair and loses puck.
16:08 of 3rd period - Owen Tippet is hit by Matteson Iacopelli and loses puck.
16:25 of 3rd period - Slapshot by Ryan Murphy.
16:25 of 3rd period - Shot Blocked by Alexander Barabanov.
16:32 of 3rd period - Off-side.
16:33 of 3rd period - Alex Barre-Boulet wins face-off versus Jonathan Marchessault in neutral zone.
16:36 of 3rd period - John Ramage is hit by Connor Chatam and loses puck.
17:29 of 3rd period - Off-side.
17:30 of 3rd period - Jonathan Marchessault wins face-off versus Alex Barre-Boulet in neutral zone.
17:33 of 3rd period - Connor Chatam is hit by Nick Cousins and loses puck.
17:52 of 3rd period - Minor Penalty to Dryden Hunt for Hooking.
17:53 of 3rd period - Seth Griffith wins face-off versus Jonathan Marchessault in Wolfpack zone.
17:59 of 3rd period - Icing by Anthony Duclair.
18:00 of 3rd period - Jonathan Marchessault wins face-off versus Seth Griffith in Eagles zone.
18:33 of 3rd period - Snap shot by Drake Caggiula.
18:33 of 3rd period - Stopped by Ivan Fedotov without a rebound.
18:34 of 3rd period - Jonathan Marchessault wins face-off versus Seth Griffith in Wolfpack zone.
18:37 of 3rd period - Wrist shot by Jonathan Marchessault.
18:37 of 3rd period - Stopped by Ivan Fedotov without a rebound.
18:38 of 3rd period - Jonathan Marchessault wins face-off versus Seth Griffith in Wolfpack zone.
18:51 of 3rd period - Slapshot by Anthony Duclair.
18:51 of 3rd period - Stopped by Ivan Fedotov without a rebound.
18:52 of 3rd period - Jonathan Marchessault wins face-off versus Seth Griffith in Wolfpack zone.
19:03 of 3rd period - Snap shot by Nick Cousins.
19:03 of 3rd period - Stopped by Ivan Fedotov with a rebound.
19:05 of 3rd period - Snap shot by Ryan Murphy.
19:05 of 3rd period - Shot Hit the Post.
19:07 of 3rd period - Slapshot by Ryan Murphy.
19:07 of 3rd period - Goal by Ryan Murphy - Wolfpack : 4 - Eagles : 5.
19:08 of 3rd period - Jonathan Marchessault wins face-off versus Sebastian Collberg in neutral zone.
19:11 of 3rd period - Snap shot by Jonathan Marchessault.
19:11 of 3rd period - Shot Misses the Net.
19:21 of 3rd period - Derrick Pouliot is hit by Jonathan Marchessault.
19:25 of 3rd period - Wolfpack, Ivan Fedotov is pulled from the net.
19:27 of 3rd period - Snap shot by Brett Ponich.
19:27 of 3rd period - Stopped by Adin Hill with a rebound.
19:29 of 3rd period - Wrist shot by Sebastian Collberg.
19:29 of 3rd period - Goal by Sebastian Collberg - Wolfpack : 5 - Eagles : 5.
19:29 of 3rd period - Ivan Fedotov from Wolfpack was sent back in the game.
19:30 of 3rd period - Alex Barre-Boulet wins face-off versus Jared McCann in neutral zone.
19:55 of 3rd period - Samuel Blais is hit by Nick Cousins and loses puck.
Goals for this period are 2 for Wolfpack vs 2 for Eagles.
Shots for this period are 12 for Wolfpack vs 17 for Eagles.
Overtime #1
0:01 of 1st overtime period - Nick Cousins wins face-off versus Seth Griffith in neutral zone.
0:11 of 1st overtime period - Snap shot by Nick Cousins.
0:11 of 1st overtime period - Shot Misses the Net.
0:13 of 1st overtime period - Snap shot by Jonathan Marchessault.
0:13 of 1st overtime period - Shot Blocked by David Pope.
0:39 of 1st overtime period - Snap shot by Casey Mittelstadt.
0:39 of 1st overtime period - Shot Misses the Net.
0:51 of 1st overtime period - Casey Mittelstadt is hit by Anthony Duclair and loses puck.
1:16 of 1st overtime period - Slapshot by Connor Carrick.
1:16 of 1st overtime period - Stopped by Ivan Fedotov with a rebound.
1:26 of 1st overtime period - Wrist shot by Connor Chatam.
1:26 of 1st overtime period - Shot Blocked by Connor Carrick.
1:28 of 1st overtime period - Backhand shot by Connor Chatam.
1:28 of 1st overtime period - Shot Misses the Net.
1:55 of 1st overtime period - Drake Caggiula is hit by Steven Santini and loses puck.
2:02 of 1st overtime period - Alexander Barabanov is hit by Anthony Duclair and loses puck.
3:38 of 1st overtime period - Jonathan Marchessault is hit by Steven Santini and loses puck.
3:55 of 1st overtime period - Wrist shot by Ryan Culkin.
3:55 of 1st overtime period - Shot Blocked by Connor Carrick.
4:46 of 1st overtime period - Derrick Pouliot is hit by Jonathan Racine and loses puck.
Goals for this period are 0 for Wolfpack vs 0 for Eagles.
Shots for this period are 0 for Wolfpack vs 1 for Eagles.
ShootOut
5:00 of 1st overtime period - Round #1.
5:00 of 1st overtime period - Wolfpack, David Pope.
5:00 of 1st overtime period - Deke by David Pope.
5:00 of 1st overtime period - Goal by David Pope.
5:00 of 1st overtime period - Eagles, Nick Cousins.
5:00 of 1st overtime period - Snap shot by Nick Cousins.
5:00 of 1st overtime period - Stopped by Ivan Fedotov.
5:00 of 1st overtime period - Round #2.
5:00 of 1st overtime period - Wolfpack, Seth Griffith.
5:00 of 1st overtime period - Deke by Seth Griffith.
5:00 of 1st overtime period - Stopped by Adin Hill.
5:00 of 1st overtime period - Eagles, Jonathan Marchessault.
5:00 of 1st overtime period - Snap shot by Jonathan Marchessault.
5:00 of 1st overtime period - Stopped by Ivan Fedotov.
5:00 of 1st overtime period - Round #3.
5:00 of 1st overtime period - Wolfpack, Samuel Blais.
5:00 of 1st overtime period - Snap shot by Samuel Blais.
5:00 of 1st overtime period - Goal by Samuel Blais.